 Dungeon Crawl Stone Soup version 0.20-a0-618-gbb8d3ca (webtiles) character file.

14709 M4edhros the Unseen (level 12, -9/73 HPs)
             Began as an Octopode Artificer on Feb 9, 2017.
             Was an Initiate of Gozag.
             Mangled by an ice beast (14 damage)
             ... summoned by an ice statue
             ... in an ice cave.
             The game lasted 00:23:31 (14758 turns).

M4edhros the Unseen (Octopode Artificer)           Turns: 14758, Time: 00:23:32

Health: -9/73      AC:  1    Str: 12    XL:     12   Next: 19%
Magic:  10/14      EV: 19    Int: 20    God:    Gozag
Gold:   1237       SH:  7    Dex: 16    Spells: 6/11 levels left

rFire    . . .     SeeInvis +   w - +1 short sword (elec)
rCold    . . .     Gourm    .   n - +1 buckler
rNeg     . . .     Faith    .   K - +0 hat
rPois    .         Spirit   .   o - amulet of magic regeneration
rElec    .         Reflect  .   k - ring of see invisible
rCorr    +         Harm     .   (no ring)
MR       ++...     Rnd*Rage +   O - ring of resist corrosion
Stlth    +++++++...             M - ring of wizardry
Regen    0.3/turn               z - +6 ring of intelligence
                                (no ring)
                                (no ring)
                                (no ring)

@: no status effects
A: almost no armour, stealthy swim, amphibious, 8 rings, constrict 8, tentacle
spike 2, camouflage 1, berserk 1, frail 1, magic resistance 2, gelatinous body
1, subdued magic 1, MP-powered wands
a: Potion Petition, Call Merchant, Bribe Branch, Renounce Religion


You were in an ice cave.
You worshipped Gozag.
Gozag was most pleased with you.
You were not hungry.

You visited 1 branch of the dungeon, and saw 12 of its levels.
You also visited: Sewer and Ice Cave.

You collected 2818 gold pieces.
You spent 270 gold pieces at shops.
You paid 1311 gold pieces to Gozag.

Inventory:

Hand Weapons
 a - a +2 dagger of electrocution
 h - a +0 blowgun
 w - a +1 short sword of electrocution (weapon)
 A - a +0 dagger of speed
 F - a +1 hunting sling of flaming
Missiles
 j - 336 stones (quivered)
 q - 9 curare-tipped needles
 r - 92 poisoned needles
 v - 195 sling bullets
Armour
 n - a +1 buckler (worn)
 K - a +0 hat (worn)
Jewellery
 k - a ring of see invisible (left tentacle)
 o - an amulet of magic regeneration (around mantle)
 z - a +6 ring of intelligence (on tentacle)
 L - an uncursed ring of fire
 M - a ring of wizardry (on tentacle)
 O - a ring of resist corrosion (on tentacle)
 T - an uncursed ring of fire
Wands
 b - a wand of flame (3/48)
 c - a wand of enslavement (0/24)
 d - a wand of random effects (7/48)
 g - a wand of flame (31/48)
 m - a wand of flame (18/48)
 C - a wand of confusion (0/48)
 H - a wand of random effects (25/48)
 J - a wand of disintegration (2/24)
 V - a wand of acid (10/15)
 W - a wand of random effects (27/48)
Scrolls
 y - 3 scrolls of fear
 D - a scroll of teleportation
 E - 2 scrolls of enchant armour
 P - a scroll of remove curse
 U - 2 scrolls of identify
Potions
 e - 5 potions of flight
 l - a potion of beneficial mutation {unknown}
 p - a potion of magic
 s - a potion of might
 t - 4 potions of curing
 G - a potion of agility
 I - 2 potions of degeneration {unknown}
Books
 Q - a book of Geomancy

   Spells                             Type                      Level
   a - Sandblast                      Earth                        1
   b - Passwall                       Transmutation/Earth          2
   c - Stone Arrow                    Conjuration/Earth            3
   d - Petrify                        Transmutation/Earth          4
   e - Lee's Rapid Deconstruction     Earth                        5
 R - a Young Poisoner's Handbook

   Spells                             Type                      Level
   a - Sting                          Conjuration/Poison           1
   b - Poisonous Vapours              Poison/Air                   2
   c - Mephitic Cloud                 Conjuration/Poison/Air       3
   d - Olgreb's Toxic Radiance        Poison                       4
   e - Venom Bolt                     Conjuration/Poison           5
Comestibles
 f - 2 bread rations
 u - 11 fruits
 x - 5 meat rations
 B - 5 royal jellies


   Skills:
 + Level 7.9 Fighting
 - Level 1.0 Short Blades
 - Level 8.5 Slings
 + Level 8.4 Dodging
 + Level 15.8 Stealth
 - Level 6.3 Shields
 - Level 3.2 Evocations


You had 6 spell levels left.
You knew the following spells:

 Your Spells              Type           Power        Failure   Level  Hunger
a - Mephitic Cloud        Conj/Pois/Air  #.......     26%         3    ####...
b - Poisonous Vapours     Pois/Air       #.....       11%         2    ###....


Dungeon Overview and Level Annotations

Branches:
Dungeon (12/15)            Temple (0/1) D:6            Lair (0/6) D:10
    Orc (0/2) D:10

Altars:
Dithmenos
Elyvilon
Fedhas
Gozag
Hepliaklqana
Makhleb
Okawaru
Qazlal
Ru
Trog
Yredelemnul

Shops:
D:3 ?   D:8 *   D:11 *

Annotations:
IceCv exclusion: 2 ice statues


Innate Abilities, Weirdness & Mutations

You cannot wear most types of armour.
You are very stealthy in the water. (Stealth+)
You are amphibious.
You can wear up to eight rings at the same time.
You can use your tentacles to constrict eight enemies at once.
Your skin changes colour to match your surroundings (Stealth+).
Your rubbery body absorbs attacks. (AC +1, EV +1)
One of your tentacles bears a nasty spike.
You tend to lose your temper in combat.
You are frail. (-10% HP)
You are highly resistant to hostile enchantments. (MR++)
Your spells are a little easier to cast, but a little less powerful.
You expend magic power (3 MP) to strengthen your wands.


Message History

This wand has 10 charges left.
The ice beast hits you. The ice beast freezes you!
* * * LOW HITPOINT WARNING * * *
The ice beast completely misses you.
You feel better. The ice beast hits you.
* * * LOW HITPOINT WARNING * * *
The ice beast freezes you!
* * * LOW HITPOINT WARNING * * *
The ice beast misses you.
You feel better. The ice beast misses you. The ice beast hits you.
* * * LOW HITPOINT WARNING * * *
The ice beast freezes you!
* * * LOW HITPOINT WARNING * * *
Evoke which item? (* to show all) (? for menu, Esc to quit)
Okay, then.
You feel better. The ice beast hits you.
* * * LOW HITPOINT WARNING * * *
The ice beast freezes you!
You die...
Your body crumbles into a pile of gold.

#### ## ##..##
#### 8.
##....#####..####.
#.......##....##§§
#@Y.∩.......#...§§
#.Y........###.§.§
##....##..## ###§§
##..###### ##§
#### #8. ##. #. ##


You could see 2 ice beasts.

Vanquished Creatures
  3 two-headed ogres
  3 death yaks (D:10)
  The ghost of M4edhros the Covert, a novice OpAr of Gozag (D:8)
  Pikel (D:6)
  A manticore (D:7)
  Joseph (D:8)
  An efreet (D:11)
  3 kobold demonologists
  7 orc warriors
  A queen bee (D:8)
  2 trolls (D:9)
  A hornet (D:11)
  A hippogriff (D:11)
  A wyvern (D:8)
  3 yaks
  Eustachio (D:4)
  A hungry ghost (D:10)
  A water moccasin (D:7)
  A sky beast (D:7)
  3 ice beasts
  A slave (D:6)
  3 black bears
  5 ogres
  2 necrophages
  3 phantoms
  20 killer bees
  4 centaurs
  7 big kobolds
  2 bullfrogs
  A wyvern zombie (D:8)
  3 scorpions
  4 crimson imps
  A bullfrog zombie (D:8)
  2 howler monkeys (D:7)
  A quasit (D:8)
  3 jellies
  3 centaur zombies
  3 hounds
  9 orc priests
  Crazy Yiuf (D:5)
  2 bullfrog skeletons
  A gnoll shaman (D:9)
  2 iguanas
  16 orc wizards
  7 worker ants
  A hound zombie (D:11)
  2 hound skeletons (D:7)
  A worker ant zombie (D:7)
  12 gnolls
  17 adders
  4 white imps (IceCv)
  5 ufetubi (IceCv)
  An adder zombie (D:9)
  An ooze (Sewer)
  An adder skeleton (D:7)
  A worm (D:2)
  2 dart slugs
  5 leopard geckos
  44 orcs
  11 giant cockroaches
  7 goblins
  11 hobgoblins
  13 jackals
  7 quokkas
  2 ball pythons
  9 bats
  8 frilled lizards
  49 kobolds
  A leopard gecko skeleton (D:6)
  6 rats
364 creatures vanquished.

Vanquished Creatures (collateral kills)
  Duvessa (D:6)
  Dowan (D:6)
  2 adders
  10 orcs
  2 kobolds (D:4)
16 creatures vanquished.

Vanquished Creatures (others)
  2 slaves (D:6)
  A killer bee (D:4)
  An adder (D:3)
  4 white imps (IceCv)
  An orc (D:8)
9 creatures vanquished.

Grand Total: 389 creatures vanquished

Notes
Turn   | Place    | Note
-------+----------+-------------------------------------------
     0 | D:1      | M4edhros the Octopode Artificer began the quest for the Orb.
     0 | D:1      | Reached XP level 1. HP: 13/13 MP: 3/3
   337 | D:1      | Reached skill level 2 in Stealth
   392 | D:1      | Reached XP level 2. HP: 18/18 MP: 4/4
   410 | D:1      | Reached skill level 3 in Stealth
   796 | D:4      | Noticed an ogre
   803 | D:4      | Killed an ogre
   803 | D:4      | Reached skill level 6 in Stealth
   803 | D:4      | Reached XP level 3. HP: 22/23 MP: 5/5
   803 | D:4      | Reached XP level 4. HP: 27/28 MP: 6/6
   812 | D:4      | Noticed Eustachio
   825 | D:4      | Killed Eustachio
   825 | D:4      | Reached skill level 8 in Stealth
   825 | D:4      | Reached XP level 5. HP: 15/33 MP: 7/7
   825 | D:4      | Reached XP level 6. HP: 18/38 MP: 8/8
  1008 | D:4      | Found a glowing drain.
  1019 | Sewer    | Entered a sewer
  1053 | Sewer    | Reached skill level 9 in Stealth
  1440 | Sewer    | Reached skill level 10 in Stealth
  1440 | Sewer    | Reached XP level 7. HP: 31/43 MP: 9/9
  1761 | D:3      | Reached skill level 11 in Stealth
  2004 | D:5      | Entered Level 5 of the Dungeon
  2555 | D:5      | Found a shadowy altar of Dithmenos.
  2612 | D:5      | Found a stormy altar of Qazlal.
  2612 | D:5      | Found a bloodstained altar of Trog.
  2612 | D:5      | Found a white marble altar of Elyvilon.
  2613 | D:5      | Found an iron altar of Okawaru.
  2613 | D:5      | Found an opulent altar of Gozag.
  2613 | D:5      | Found a burning altar of Makhleb.
  2613 | D:5      | Found a basalt altar of Yredelemnul.
  2663 | D:5      | Became a worshipper of Gozag Ym Sagoz the Greedy
  4493 | D:3      | Reached skill level 12 in Stealth
  4493 | D:3      | Reached XP level 8. HP: 15/48 MP: 10/10
  4671 | D:3      | Gained mutation: You are resistant to hostile enchantments. (MR+) [potion of mutation]
  4671 | D:3      | Gained mutation: Your spells are a little easier to cast, but a little less powerful. [potion of mutation]
  4671 | D:3      | Gained mutation: You are frail. (-10% HP) [potion of mutation]
  4672 | D:3      | Gained mutation: One of your tentacles bears a spike. [potion of mutation]
  4672 | D:3      | Gained mutation: You expend magic power (3 MP) to strengthen your wands. [potion of mutation]
  4672 | D:3      | Gained mutation: You are highly resistant to hostile enchantments. (MR++) [potion of mutation]
  4891 | D:3      | Reached skill level 1 in Slings
  5193 | D:4      | Reached skill level 1 in Shields
  7006 | D:5      | Found a runed door.
  7010 | D:5      | Noticed Crazy Yiuf
  7015 | D:5      | Killed Crazy Yiuf
  7105 | D:6      | Noticed Dowan
  7107 | D:6      | Noticed Duvessa
  7124 | D:6      | Killed Duvessa
  7133 | D:6      | Killed Dowan
  7165 | D:6      | Killed an orc warrior
  7165 | D:6      | Reached XP level 9. HP: 39/49 MP: 3/11
  7568 | D:3      | Bought a scroll of remove curse for 36 gold pieces
  7726 | D:6      | Found a staircase to the Ecumenical Temple.
  7734 | D:6      | Noticed Pikel
  7751 | D:6      | Killed Pikel
  7751 | D:6      | Reached skill level 5 in Slings
  7751 | D:6      | Reached skill level 13 in Stealth
  8408 | D:7      | Reached XP level 10. HP: 39/57 MP: 12/12
  8502 | D:7      | Found a sacrificial altar of Ru.
  8849 | D:7      | Noticed a manticore
  8852 | D:7      | Killed a manticore
  8852 | D:7      | Reached skill level 5 in Dodging
  9317 | D:8      | Noticed a two-headed ogre
  9325 | D:8      | Noticed a kobold demonologist
  9330 | D:8      | Killed a kobold demonologist
  9330 | D:8      | Reached skill level 5 in Fighting
  9358 | D:8      | Killed a two-headed ogre
  9384 | D:8      | Reached skill level 5 in Shields
  9527 | D:8      | Noticed M4edhros's ghost (novice OpAr)
  9552 | D:8      | Killed M4edhros's ghost
  9552 | D:8      | Reached skill level 14 in Stealth
  9607 | D:8      | Noticed Joseph
  9769 | D:8      | Killed Joseph
  9911 | D:8      | Reached XP level 11. HP: 64/64 MP: 13/13
 10095 | D:8      | Found a blossoming altar of Fedhas.
 10096 | D:8      | Found a hazy altar of Hepliaklqana.
 10708 | D:8      | Bought a scroll labeled NEBINU WOTSIO for 39 gold pieces
 10708 | D:8      | Bought a glass ring for 195 gold pieces
 11577 | D:9      | Noticed a four-headed hydra
 12265 | D:10     | Entered Level 10 of the Dungeon
 12755 | D:10     | Noticed a death yak
 12756 | D:10     | Noticed a death yak
 12757 | D:10     | Noticed a death yak
 12791 | D:10     | Killed a death yak
 12810 | D:10     | Killed a death yak
 12824 | D:10     | Killed a death yak
 12824 | D:10     | Reached skill level 15 in Stealth
 12905 | D:10     | Found a staircase to the Lair.
 13160 | D:10     | Found an opulent altar of Gozag.
 13196 | D:10     | Found a staircase to the Orcish Mines.
 13205 | D:10     | Noticed a two-headed ogre
 13211 | D:10     | Killed a two-headed ogre
 13799 | D:11     | Reached XP level 12. HP: 59/72 MP: 14/14
 13810 | D:11     | Learned a level 3 spell: Mephitic Cloud
 13813 | D:11     | Learned a level 2 spell: Poisonous Vapours
 13822 | D:11     | Found Qifussat's General Store.
 13846 | D:11     | Gained mutation: You tend to lose your temper in combat. [potion of mutation]
 13846 | D:11     | Gained mutation: One of your tentacles bears a nasty spike. [potion of mutation]
 14103 | D:11     | Noticed a two-headed ogre
 14110 | D:11     | Killed a two-headed ogre
 14272 | D:12     | Found a frozen archway.
 14282 | IceCv    | Entered an ice cave
 14755 | IceCv    | HP: 2/73 [ice beast[an ice statue] (7)]
 14758 | IceCv    | Mangled by an ice beast

Vault maps used:
D:1:      denvon_arrival_waterhouse
D:3:      first_bread
D:4:      kennysheep_kobold_camp, portal_sewer_entry_d, uniq_eustachio
D:5:      grunt_temple_overflow_open, minmay_misc_feat_more_columns,
          uniq_crazy_yiuf_cottage
D:6:      minmay_temple_entry_glassed_door, uniq_pikel, uniq_duvessa
D:7:      kennysheep_windowed_halls, basic_altar
D:8:      chequers_temple_overflow_statue_of_worship, special_room,
          david_nohive_1, uniq_joseph
D:9:      hangedman_decor_slide_cut, lightli_corner_chamber
D:10:     dpeg_lair_monsters, orc_0_dummy, basic_altar, amethyst_killhole
D:11:     serial_shops, shop
D:12:     portal_ice_cave_entry_pillars_1, spider_trap, minivault_11, uniq_sonja
Sewer:    kennysheep_pipe_town
IceCv:    ice_cave_small_demon

Skill      XL: |  1  2  3  4  5  6  7  8  9 10 11 12 |
---------------+-------------------------------------+-----
Stealth        | 2 6 8 10 12 13 14 15 | 15.8
Slings         | 3 6 7 8 |  8.5
Shields        | 2 4 5 6 |  6.3
Fighting       | 2 4 5 7 |  7.9
Dodging        | 3 4 5 7 8 |  8.4
Short Blades   | |  1.0
Evocations     | |  3.2

Action                   |  1- 3 |  4- 6 |  7- 9 | 10-12 || total
-------------------------+-------+-------+-------+-------++-------
Melee: Short sword       |    33 |    43 |   324 |   462 ||   862
       Constrict         |     8 |     6 |    63 |    68 ||   145
       Tentacles         |     5 |     7 |    43 |    92 ||   147
       Dagger            |       |       |    16 |       ||    16
       Kick              |       |       |    44 |   133 ||   177
 Fire: Hunting sling     |       |       |     5 |    24 ||    29
Invok: Call Merchant     |       |       |     1 |     1 ||     2
Evoke: Wand              |     3 |     6 |    16 |    30 ||    55
  Use: Scroll            |       |     5 |    12 |    10 ||    27
       Potion            |       |       |     8 |    17 ||    25
 Stab: Sleeping          |     6 |    11 |    41 |    30 ||    88
       Distracted        |     1 |       |     2 |     3 ||     6
       Confused          |       |       |       |     4 ||     4
  Eat: Chunk             |       |     1 |     5 |       ||     6
       Bread ration      |       |       |     4 |     4 ||     8
       Royal jelly       |       |       |       |     2 ||     2
Armor: Skin              |     1 |     2 |    14 |    43 ||    60
Dodge: Dodged            |    14 |    27 |   160 |   285 ||   486
Block: Buckler           |       |     4 |    56 |   154 ||   214
